Map: Écho EC (Void)

Players

RainbowDash - Winner!

  • Race: Protoss Protoss
  • League: Master
  • Spawn Location: 5:00

Goomba

  • Race: Terran Terran
  • League: Grandmaster
  • Spawn Location: 11:00

VOD

Have the link to the VOD?

Description

Time

  • Played on: Dec. 17, 2016, 3 p.m.
  • Length: 5:58
Show
View Real Time Build Order
Export as new Build Order

RainbowDash Protoss - Winner!

Build Orders: Oracle Opening 

Get SALT Encoding   

  12  0:01  Probe (Chrono Boost)  
  13  0:11  Probe (Chrono Boost)  
  14  0:17  Pylon  
  14  0:22  Probe (Chrono Boost)  
  15  0:35  Probe (Chrono Boost)  
  16  0:37  Gateway  
  16  0:45  Probe (Chrono Boost)  
  16  0:49  Assimilator  
  17  0:52  Assimilator  
  17  0:56  Probe (Chrono Boost)  
  18  1:07  Probe (Chrono Boost)  
  19  1:17  Probe (Chrono Boost)  
  20  1:24  Cybernetics Core  
  20  1:28  Probe (Chrono Boost)  
  21  1:36  Pylon  
  21  1:38  Probe (Chrono Boost)  
  22  1:46  Pylon  
  22  1:49  Probe (Chrono Boost)  
  23  1:59  Warp Gate  
  23  2:01  Mothership Core (Chrono Boost), Adept  
  27  2:16  Stargate  
  27  2:27  Gateway  
  27  2:31  Stalker  
  29  2:39  Gateway  
  29  2:48  Probe (Chrono Boost)  
  29  3:03  Pylon  
  29  3:04  Pylon  
  29  3:29  Oracle  
  29  3:39  Gateway  
  28  4:00  Void Ray  
  27  4:03  Pylon  
  27  4:07  Stalker  
  27  4:08  Stalker  
  30  4:31  Stalker x2  
  30  4:32  Stalker  
  36  4:47  Stalker  
  38  4:59  Void Ray  
  40  5:09  Zealot x3  
  36  5:27  Stalker  
  38  5:37  Stalker x2  
  38  5:38  Zealot  
Show
View Real Time Build Order
Export as new Build Order

Goomba Terran 

Build Orders: Cyclone Opening, Reaper Expand 

Get SALT Encoding   

  12  0:00  SCV  
  13  0:13  SCV  
  14  0:17  Supply Depot  
  14  0:25  SCV  
  14  0:28  Refinery  
  15  0:39  SCV  
  16  0:45  Barracks  
  16  0:51  SCV  
  17  1:03  SCV  
  18  1:15  SCV  
  19  1:31  Orbital Command  
  19  1:32  Reaper  
  20  1:43  Command Center  
  20  1:50  Refinery  
  20  1:57  SCV  
  21  2:03  Factory  
  21  2:06  Barracks Reactor  
  21  2:09  SCV  
  21  2:15  Supply Depot  
  22  2:21  SCV  
  23  2:36  SCV  
  24  2:43  Marine x2  
  26  2:48  Cyclone  
  26  2:51  SCV  
  29  2:53  Starport  
  29  2:59  Orbital Command  
  29  3:07  Bunker  
  29  3:08  Marine  
  29  3:12  Marine  
  29  3:23  Cyclone  
  31  3:29  Marine  
  31  3:32  Viking  
  34  3:34  SCV  
  30  4:02  Supply Depot  
  30  4:06  Factory Tech Lab  
  30  4:07  Starport Tech Lab  
  30  4:24  SCV x2, Marine x2  
  30  4:26  Raven  
  33  4:36  SCV x2  
  33  4:37  Siege Tank  
  38  4:43  Refinery  
  38  4:46  Supply Depot  
  38  4:49  Supply Depot  
  38  4:52  Marine  
  38  4:54  Marine  
  28  5:10  Marine  
  28  5:12  Marine  
  19  5:22  Viking  
  19  5:23  Siege Tank  
  19  5:28  Marine  
  25  5:29  Marine  
Tags
 
Add a new tag
Caveats
  • Supply blocks, unpowered buildings, or Contaminate may cause inaccurate times.
  • Supply counts are checked every 10 seconds.